 Dungeon Crawl Stone Soup version 0.25.1-2-g60ff931df9 (webtiles) character file.

Game seed: 4821696942851509395

39674 hawla the Severer (level 13, -1/119 HPs)
             Began as a Minotaur Berserker on Oct 28, 2020.
             Was the Champion of Trog.
             Slain by a centaur warrior (8 damage)
             ... on level 15 of the Dungeon on Oct 29, 2020.
             The game lasted 00:45:49 (17355 turns).

hawla the Severer (Minotaur Berserker)             Turns: 17355, Time: 00:45:50

Health: -1/119     AC: 13    Str: 23 (24) XL:     13   Next: 70%
Magic:  4/4        EV: 21    Int:  4      God:    Trog [******]
Gold:   447        SH:  0    Dex: 16 (17) Spells: 12/12 levels left

rFire    + + .     SeeInvis .   t - +11 battleaxe of Youthful Indiscretion {antimagic, Fragile Dex+8}
rCold    + + .     Gourm    .   (shield currently unavailable)
rNeg     . . .     Faith    .   D - +1 leather armour {rC+}
rPois    .         Spirit   .   p - +0 hat
rElec    +         Reflect  .   O - scarf {rC+ rF+}
rCorr    .         Harm     .   G - +1 pair of gloves of Sif Muna's Castigation {Slay+3}
MR       .....     Rnd*Tele +   X - +0 pair of boots
Stlth    +.........             P - amulet of regeneration
HPRegen  0.69/turn              k - +4 ring of protection
MPRegen  0.09/turn              b - ring of the Empire {rElec rF+}

@: no status effects
A: retaliatory headbutt, horns 2, clumsy 1, deterioration 1, teleportitis 1,
weak 1, wild magic 1, MP-powered wands
a: Berserk, Trog's Hand, Brothers in Arms, Renounce Religion


You were on level 15 of the Dungeon.
You worshipped Trog.
Trog was exalted by your worship.
You were hungry.

You visited 2 branches of the dungeon, and saw 16 of its levels.
You also visited: Bailey.

You collected 1122 gold pieces.
You spent 675 gold pieces at shops.

Inventory:

Hand Weapons
 t - the +11 battleaxe of Youthful Indiscretion (weapon) {antimagic, Fragile Dex+8}
   (You found it on level 4 of the Dungeon)

   It reduces the magical energy of the wielder, and disrupts the spells and
   magical abilities of those hit.
   Natural abilities and divine invocations are not affected.
   It affects your dexterity (+8).
   It will be destroyed if unequipped.
 H - a +2 scimitar of flaming
Missiles
 l - 75 poisoned darts
 w - 9 boomerangs (quivered)
 L - 6 javelins
 N - 3 boomerangs of dispersal
Armour
 i - the +3 scale mail of Nebiysunt {Int+4}
   (You bought it in a shop on level 5 of the Dungeon)

   It affects your intelligence (+4).
 j - a +2 chain mail of fire resistance
 p - a +0 hat (worn)
 D - a +1 leather armour of cold resistance (worn)
 F - +0 swamp dragon scales
 G - the +1 pair of gloves of Sif Muna's Castigation (worn) {Slay+3}
   (You bought it in a shop on level 5 of the Dungeon)

   It affects your accuracy and damage with ranged weapons and melee attacks
   (+3).
 O - a scarf of resistance (worn)
 X - a +0 pair of boots (worn)
Jewellery
 b - the ring of the Empire (right hand) {rElec rF+}
   (You acquired it in the Ecumenical Temple)

   [ring of protection from fire]

   It protects you from fire.
   It insulates you from electricity.
 k - a +4 ring of protection (left hand)
 P - an amulet of regeneration (around neck)
Wands
 h - a wand of acid (17)
 m - a wand of random effects (30)
 V - a wand of flame (36)
Scrolls
 a - 3 scrolls of enchant weapon
 e - 3 scrolls of enchant armour
 f - 3 scrolls of magic mapping
 g - a scroll of fear
 s - 7 scrolls of teleportation
 x - a scroll of random uselessness {unknown}
 y - 8 scrolls of remove curse
 I - 2 scrolls of blinking
 J - 7 scrolls of identify
 W - a scroll of holy word {unknown}
Potions
 d - a potion of ambrosia
 n - a potion of lignification
 o - 3 potions of curing
 q - a potion of stabbing
 r - a potion of resistance
 u - 3 potions of haste
 v - 2 potions of might
 z - 7 potions of flight
 B - a potion of berserk rage
 R - 2 potions of cancellation
Miscellaneous
 M - a tin of tremorstones (3/3)
Comestibles
 c - 27 rations


   Skills:
 + Level 12.4 Fighting
 + Level 6.0 Long Blades
 + Level 18.0 Axes
 + Level 3.0 Throwing
 + Level 9.8 Armour
 * Level 11.9 Dodging
 + Level 0.8 Evocations


You had 12 spell levels left.
You didn't know any spells.
Your spell library was empty.

Dungeon Overview and Level Annotations

Branches:
Dungeon (15/15)            Temple (1/1) D:7            Lair (0/6) D:11
    Orc (0/2) D:10         Vaults (0/5) D:14         Bailey (visited)
 Depths: D:15

Altars:
Ashenzari
Dithmenos
Fedhas
Gozag
Kikubaaqudgha
Nemelex Xobeh
Okawaru
Qazlal
Ru
Trog
Vehumet
Wu Jian
Zin
The Shining One
Beogh

Shops:
D:5 *   D:8 (


Innate Abilities, Weirdness & Mutations

You reflexively headbutt those who attack you in melee.
You have a pair of horns on your head.
You are clumsy. (Dex -2)
Your body sometimes deteriorates upon taking damage.
You are occasionally teleported next to monsters.
You are weak. (Str -2)
Your spells are a little harder to cast, but a little more powerful.
You expend magic power (3 MP) to strengthen your wands.


Message History

The centaur warrior is moderately wounded.
The centaur warrior hits you but does no damage.
Unknown command.
You hit the centaur warrior.
The centaur warrior is moderately wounded.
The centaur warrior barely misses you.
Unknown command.
You slash the centaur warrior!
You headbutt the centaur warrior, but do no damage.
The centaur warrior is moderately wounded.
You slice the cyclops!!
The centaur warrior completely misses you.
You furiously retaliate!
You headbutt the centaur warrior.
Unknown command.
You barely miss the centaur warrior.
The centaur warrior is heavily wounded.
You slice the cyclops!! The centaur warrior hits you!
* * * LOW HITPOINT WARNING * * *
The cyclops completely misses you. The centaur warrior hits you!
You die...

.....# ....#
....# .#
###...#
...#.....#
.......(.#
.........#
......†C.#
......c@†#
.......)%......
............###
..........###
...#...(.##
##########


You could see a centaur warrior and a cyclops.

Vanquished Creatures
  A vault guard (D:14)
  A hydra (D:11)
  2 centaur warriors
  Erica (D:8)
  The ghost of Tuyrink the Covert, a journeyman OpWn of Uskayaw (D:9)
  An orc high priest (Bailey)
  Urug (D:12)
  3 unseen horrors
  2 wizards (D:14)
  4 orc knights (Bailey)
  2 deep elf magi
  An orc sorcerer (Bailey)
  8 ugly things
  2 cyclopes (D:14)
  A manticore (D:14)
  Joseph (D:9)
  2 centaur zombies (D:14)
  2 gargoyles (D:14)
  2 centaur skeletons
  Maggie (D:8)
  2 kobold demonologists
  A queen bee (D:12)
  The ghost of howech the Firebug, a novice DEFE of Sif Muna (D:5)
  3 trolls
  A blink frog (shapeshifter) (D:9)
  2 hippogriffs (D:10)
  9 slime creatures (D:12)
  3 water elementals
  A spriggan (shapeshifter) (D:9)
  A shadow (D:13)
  22 humans (D:14)
  A yak (shapeshifter) (D:9)
  26 yaks
  3 wyverns
  3 neqoxecs (D:9)
  A wraith (D:11)
  A steam dragon (D:7)
  4 vampire mosquitoes (D:15)
  2 hungry ghosts
  Edmund (D:4)
  A warg (shapeshifter) (D:9)
  5 porcupines (D:11)
  8 orc warriors
  2 sky beasts
  3 ice beasts
  A black bear (D:11)
  4 necrophages
  2 phantoms
  A hornet zombie (D:9)
  7 ogres
  4 wolves (D:11)
  9 centaurs
  3 crocodiles (D:11)
  4 big kobolds
  6 bullfrogs
  A water moccasin zombie (D:5)
  6 scorpions
  A wyvern skeleton (D:6)
  25 killer bees
  4 wights
  3 electric eels (Bailey)
  A howler monkey (D:4)
  5 crimson imps
  6 jellies
  A quasit (D:6)
  3 bullfrog skeletons
  2 bullfrog zombies (D:12)
  3 hounds
  4 orc priests
  5 iguanas
  8 orc wizards
  10 worker ants
  A hound zombie (D:6)
  A hound skeleton (D:6)
  A worker ant zombie (D:10)
  Robin (D:2)
  14 adders
  6 gnolls
  3 shadow imps
  2 oozes (D:7)
  2 adder zombies
  5 worms
  A dart slug (D:1)
  2 leopard geckos
  47 orcs
  A ball python (D:3)
  2 bats (D:1)
  4 giant cockroaches
  38 goblins
  14 hobgoblins
  18 jackals
  26 kobolds
  4 quokkas
  5 frilled lizards
  A frilled lizard (shapeshifter) (D:9)
  A leopard gecko skeleton (D:5)
  A quokka skeleton (D:2)
  A quokka zombie (D:6)
  7 rats
  A plant (D:11)
485 creatures vanquished.

Vanquished Creatures (collateral kills)
  An acid dragon (D:12)
  2 orc warriors (D:12)
  A bullfrog (D:12)
  2 orc priests (D:12)
  2 orc wizards (D:12)
  2 orcs (D:12)
10 creatures vanquished.

Grand Total: 495 creatures vanquished

Notes
Turn   | Place    | Note
-------+----------+-------------------------------------------
     0 | D:1      | hawla the Minotaur Berserker began the quest for the Orb.
     0 | D:1      | Reached XP level 1. HP: 19/19 MP: 0/0
   251 | D:1      | Reached XP level 2. HP: 19/27 MP: 1/1
   972 | D:2      | Reached ** piety under Trog
   972 | D:2      | Reached XP level 3. HP: 19/33 MP: 2/2
  1386 | D:2      | Found a shadowy altar of Dithmenos.
  1422 | D:2      | Found a shattered altar of Ashenzari.
  1472 | D:2      | Found a glowing golden altar of the Shining One.
  1797 | D:2      | Noticed Robin
  1805 | D:2      | Reached XP level 4. HP: 40/41 MP: 3/3
  1816 | D:2      | Killed Robin
  1848 | D:2      | Found a blossoming altar of Fedhas.
  2172 | D:3      | Reached *** piety under Trog
  2355 | D:3      | Found an iron altar of Okawaru.
  2367 | D:3      | Reached XP level 5. HP: 47/47 MP: 4/4
  2369 | D:3      | Reached skill level 1 in Throwing
  2776 | D:4      | Reached skill level 5 in Long Blades
  2822 | D:4      | Noticed Edmund
  2834 | D:4      | Killed Edmund
  2834 | D:4      | Reached XP level 6. HP: 41/53 MP: 5/5
  3204 | D:4      | Reached skill level 5 in Fighting
  3361 | D:4      | Got a slimy battleaxe
  3362 | D:4      | Identified the +11 battleaxe of Youthful Indiscretion
                  | {antimagic, Fragile Dex+8} (You found it on level 4 of the
                  | Dungeon)
  3366 | D:4      | Reached XP level 7. HP: 60/61 MP: 2/6
  3526 | D:4      | Reached **** piety under Trog
  3656 | D:4      | Reached skill level 1 in Axes
  3656 | D:4      | Reached skill level 5 in Armour
  3768 | D:5      | Entered Level 5 of the Dungeon
  3813 | D:5      | Reached skill level 2 in Axes
  3813 | D:5      | Reached skill level 5 in Dodging
  3916 | D:5      | Reached skill level 3 in Axes
  4059 | D:5      | Reached XP level 8. HP: 43/70 MP: 2/7
  4063 | D:5      | Reached skill level 4 in Axes
  4351 | D:5      | Reached skill level 5 in Axes
  4386 | D:5      | Found a runed translucent door.
  4393 | D:5      | Noticed howech's ghost (novice DEFE)
  4465 | D:5      | Found Vuc Ottudo's Assorted Antiques.
  4566 | D:5      | Bought a spiked scale mail for 261 gold pieces
  4566 | D:5      | Bought a scroll labeled GAJYREW ROOSM for 29 gold pieces
  4566 | D:5      | Bought a lumpy red potion for 26 gold pieces
  4577 | D:5      | Identified the +3 scale mail of Nebiysunt {Int+4} (You
                  | bought it in a shop on level 5 of the Dungeon)
  4814 | D:6      | Reached skill level 6 in Axes
  4999 | D:6      | Found a bloodstained altar of Trog.
  5215 | D:6      | Reached skill level 7 in Axes
  5551 | D:7      | Found a bloodstained altar of Trog.
  5595 | D:7      | Reached ***** piety under Trog
  5595 | D:7      | Reached XP level 9. HP: 63/75 MP: 2/8
  5611 | D:7      | Reached skill level 8 in Axes
  5620 | D:7      | Got a pitted leather armour
  5631 | D:7      | Identified the +1 leather armour "Fyqez" {*Slow Int+7} (You
                  | found it on level 7 of the Dungeon)
  5980 | D:7      | Found a glowing silver altar of Zin.
  5988 | D:7      | Found a staircase to the Ecumenical Temple.
  5997 | Temple   | Entered the Ecumenical Temple
  6119 | D:7      | Reached skill level 9 in Axes
  6564 | D:8      | Received a gift from Trog
  6595 | D:8      | Found a sparkling altar of Nemelex Xobeh.
  6613 | D:8      | Found Tejyfig's Weapon Boutique.
  6633 | D:8      | Found a flagged portal.
  6654 | Bailey   | Entered a bailey
  7095 | Bailey   | Found an iron altar of Okawaru.
  7095 | Bailey   | Noticed an orc high priest
  7095 | Bailey   | Noticed an orc sorcerer
  7098 | Bailey   | Gained mutation: Your body sometimes deteriorates upon
                  | taking damage. [a neqoxec]
  7102 | Bailey   | Killed an orc sorcerer
  7102 | Bailey   | Reached skill level 10 in Axes
  7104 | Bailey   | Noticed a rust devil
  7104 | Bailey   | Noticed a soul eater
  7105 | Bailey   | Killed an orc high priest
  7105 | Bailey   | Reached XP level 10. HP: 56/86 MP: 3/9
  7287 | Bailey   | Noticed an orc knight
  7287 | Bailey   | Noticed an orc knight
  7294 | Bailey   | Killed an orc knight
  7294 | Bailey   | Reached skill level 11 in Axes
  7301 | Bailey   | Killed an orc knight
  7681 | Bailey   | Noticed an orc knight
  7688 | Bailey   | Killed an orc knight
  8130 | Bailey   | Noticed an orc knight
  8151 | Bailey   | Killed an orc knight
  8151 | Bailey   | Reached skill level 12 in Axes
  8780 | D:8      | Found a stormy altar of Qazlal.
  8810 | D:8      | Found an opulent altar of Gozag.
  8936 | D:8      | Noticed Maggie
  8946 | D:8      | Killed Maggie
  9097 | D:8      | Noticed Erica
  9101 | D:8      | Killed Erica
  9101 | D:8      | Reached XP level 11. HP: 95/95 MP: 3/10
  9252 | D:8      | Found a sacrificial altar of Ru.
  9403 | D:5      | Bought a pair of polished gloves for 275 gold pieces
  9403 | D:5      | Bought a lumpy red potion for 26 gold pieces
  9403 | D:5      | Bought a scroll labeled TAKISI SODAJUI for 29 gold pieces
  9403 | D:5      | Bought a scroll labeled TAKISI SODAJUI for 29 gold pieces
  9511 | D:9      | Identified the +1 pair of gloves of Sif Muna's Castigation
                  | {Slay+3} (You bought it in a shop on level 5 of the
                  | Dungeon)
  9645 | D:9      | Found a runed translucent gate.
  9645 | D:9      | Found a runed translucent gate.
  9645 | D:9      | Found a runed translucent gate.
  9646 | D:9      | Noticed a green ugly thing
  9646 | D:9      | Noticed a cyan ugly thing
  9647 | D:9      | Noticed a brown ugly thing
  9649 | D:9      | Noticed a green ugly thing
  9649 | D:9      | Noticed a green ugly thing
  9649 | D:9      | Noticed a green ugly thing
  9834 | D:9      | Found an ancient bone altar of Kikubaaqudgha.
  9855 | D:9      | Noticed Joseph
  9865 | D:9      | Killed Joseph
 10178 | D:9      | Found a radiant altar of Vehumet.
 10578 | D:5      | Reached skill level 13 in Axes
 10580 | D:5      | Received a gift from Trog
 10581 | D:5      | Killed howech's ghost
 10691 | D:10     | Entered Level 10 of the Dungeon
 10731 | D:10     | Found a staircase to the Orcish Mines.
 10738 | D:10     | Found a roughly hewn altar of Beogh.
 11278 | D:10     | Killed an unseen horror
 11665 | Temple   | Acquired the ring of the Empire {rElec rF+}
 11738 | D:9      | Killed a red ugly thing
 11749 | D:9      | Killed a white ugly thing
 11754 | D:9      | Killed a red ugly thing
 11754 | D:9      | Reached skill level 14 in Axes
 11759 | D:9      | Killed a white ugly thing
 11763 | D:9      | Killed a red ugly thing
 11766 | D:9      | Killed a red ugly thing
 11775 | D:9      | Found a runed translucent gate.
 11775 | D:9      | Found a runed translucent gate.
 11778 | D:9      | Found a runed translucent gate.
 11779 | D:9      | Noticed an orb spider
 11791 | D:9      | Noticed Tuyrink's ghost (journeyman OpWn)
 11795 | D:9      | an orb spider changed into a salamander
 12204 | D:11     | Found a staircase to the Lair.
 12206 | D:11     | Reached skill level 10 in Dodging
 12206 | D:11     | Reached skill level 10 in Fighting
 12229 | D:11     | Reached XP level 12. HP: 88/106 MP: 3/11
 12694 | D:11     | Noticed a seven-headed hydra
 12704 | D:11     | Killed an eight-headed hydra
 13177 | D:12     | Reached skill level 15 in Axes
 13255 | D:12     | Noticed Urug
 13263 | D:12     | Killed Urug
 13585 | D:12     | Reached ****** piety under Trog
 13673 | D:12     | HP: 3/108 [acid (12)]
 14151 | D:12     | Reached skill level 16 in Axes
 14852 | D:13     | Received a gift from Trog
 15732 | D:9      | Killed Tuyrink's ghost
 15733 | D:9      | Gained mutation: You are dopey. (Int -2) [a neqoxec]
 15743 | D:9      | Got a heavily jewelled robe
 15781 | D:9      | Gained mutation: Your movements are slightly less
                  | encumbered by armour. (ER -2) [mutagenic glow]
 15782 | D:9      | Lost mutation: You are dopey. (Int -2) [potion of mutation]
 15782 | D:9      | Lost mutation: Your body sometimes deteriorates upon taking
                  | damage. [potion of mutation]
 15782 | D:9      | Gained mutation: You are robust. (+10% HP) [potion of
                  | mutation]
 15782 | D:9      | Gained mutation: You are clumsy. (Dex -2) [potion of
                  | mutation]
 15782 | D:9      | Gained mutation: You are somewhat resistant to further
                  | mutation. [potion of mutation]
 15783 | D:9      | Lost mutation: You are clumsy. (Dex -2) [potion of
                  | mutation]
 15783 | D:9      | Lost mutation: You are robust. (+10% HP) [potion of
                  | mutation]
 15783 | D:9      | Lost mutation: You are somewhat resistant to further
                  | mutation. [potion of mutation]
 15783 | D:9      | Lost mutation: Your movements are slightly less encumbered
                  | by armour. (ER -2) [potion of mutation]
 15783 | D:9      | Gained mutation: You are frail. (-10% HP) [potion of
                  | mutation]
 15783 | D:9      | Gained mutation: You have sharp fingernails. [potion of
                  | mutation]
 15784 | D:9      | Lost mutation: You are frail. (-10% HP) [potion of
                  | mutation]
 15784 | D:9      | Lost mutation: You have sharp fingernails. [potion of
                  | mutation]
 15784 | D:9      | Gained mutation: You are weak. (Str -2) [potion of
                  | mutation]
 15784 | D:9      | Gained mutation: Your spells are a little harder to cast,
                  | but a little more powerful. [potion of mutation]
 15784 | D:9      | Gained mutation: You expend magic power (3 MP) to
                  | strengthen your wands. [potion of mutation]
 15839 | D:11     | Gained mutation: Your body sometimes deteriorates upon
                  | taking damage. [mutagenic glow]
 15897 | D:13     | Gained mutation: You are clumsy. (Dex -2) [mutagenic glow]
 15908 | D:14     | Noticed a centaur warrior
 15917 | D:14     | Killed a centaur warrior
 15917 | D:14     | Reached XP level 13. HP: 103/116 MP: 4/12
 15974 | D:14     | Gained mutation: You are occasionally teleported next to
                  | monsters. [mutagenic glow]
 16008 | D:14     | Reached skill level 17 in Axes
 16505 | D:14     | Received a gift from Trog
 16665 | D:14     | Found a gate to the Vaults.
 16834 | D:14     | Identified the cursed +0 robe of Eternal Vigilance {+Blink
                  | MR- Dex+4} (You found it on level 9 of the Dungeon)
 16945 | D:14     | Reached skill level 18 in Axes
 17336 | D:15     | Entered Level 15 of the Dungeon
 17355 | D:15     | Slain by a centaur warrior

Illustrated notes

Levels and vault maps discovered:
D:1:      roderic_octagonal_star, layout_basic
D:2:      layout_basic, nicolae_ashenzari_panopticon, overflow_temple_1_default,
          tso_oasis_becter, grunt_dithmenos_smoke_and_mirrors, first_ration,
          uniq_robin
D:3:      cheibrodos_greedy_goblins, layout_rooms, okawaru_metal_pillars_1_2
D:4:      layout_basic, hangedman_feature_mirror, uniq_edmund
D:5:      layout_basic, ebering_ghost_sewer_d, serial_shops,
          nicolae_shop_overgrown_old_shop
D:6:      layout_basic, minmay_misc_feat_rows, trog_hazing_becter
D:7:      layout_gridville, lemuel_crystal_altar, kennysheep_little_box,
          minmay_temple_entry_statues_fountains, serial_undead, serial_undead_c,
          serial_undead_b, serial_undead_e, serial_undead_c
D:8:      layout_gridville, nicolae_qazlal_style_of_elements,
          lemuel_doored_altar, nicolae_ru_path_of_blood, kennysheep_mini,
          serial_shops, shop, enter_bailey_3, uniq_maggie, uniq_erica
D:9:      layout_gridville, nicolae_overflow_crystal_walls, vehumet_crystals,
          ploomutoo_gammafunk_ghost_potion_laboratory, uniq_joseph
D:10:     layout_long_grid, minmay_orc_entry_temple_small
D:11:     layout_long_grid, minmay_lair_entry_grove
D:12:     layout_irregular_city, david_nohive_1, uniq_urug
D:13:     layout_basic
D:14:     layout_cave_pools, grunt_vaults_entry_tiered, nicolae_water_bricks,
          kennysheep_generic_room_3
D:15:     hangedman_depths_entry_civil_slaughter, layout_rooms,
          portal_ice_cave_demonic_guard, roderic_serpentine_path, uniq_josephine
Temple:   dpeg_chambers_temple

Skill      XL: |  1  2  3  4  5  6  7  8  9 10 11 12 13 |
---------------+----------------------------------------+-----
Long Blades    | 4 5 6 |  6.0
Fighting       | 4 5 6 7 8 10 11 12 | 12.4
Armour         | 3 4 5 6 7 8 9 |  9.8
Dodging        | 3 4 5 6 7 8 10 11 | 11.9
Throwing       | 1 2 3 |  3.0
Axes           | 3 7 10 12 14 16 18 | 18.0
Evocations     | |  0.8

Action                   |  1- 3 |  4- 6 |  7- 9 | 10-12 | 13-15 || total
-------------------------+-------+-------+-------+-------+-------++-------
Melee: Falchion          |    29 |    97 |       |       |       ||   126
       Headbutt          |    15 |    35 |    36 |    99 |    29 ||   214
       Dagger            |   104 |    56 |       |       |       ||   160
       Battleaxe         |       |     1 |   153 |   372 |   120 ||   646
Throw: Dart              |    21 |     3 |     6 |       |       ||    30
       Boomerang         |       |       |    10 |     7 |     1 ||    18
Invok: Trog's Hand       |       |       |       |     2 |       ||     2
       Brothers in Arms  |       |       |       |     2 |       ||     2
Evoke: Wand              |       |       |       |     5 |       ||     5
  Use: Scroll            |     4 |     9 |     6 |     9 |     1 ||    29
       Potion            |       |     1 |       |    12 |     2 ||    15
 Stab: Sleeping          |     1 |       |       |       |       ||     1
       Invisible         |       |       |       |     2 |       ||     2
  Eat: Chunk             |     3 |     4 |    12 |    15 |     2 ||    36
       Ration            |       |       |     1 |     4 |       ||     5
Armor: Animal skin       |     1 |       |       |       |       ||     1
       Chain mail        |    63 |    45 |    13 |       |       ||   121
       Scale mail        |       |    18 |    41 |    10 |       ||    69
       Leather armour    |       |     5 |     4 |       |     8 ||    17
       Skin              |       |       |       |    14 |     1 ||    15
       Swamp dragon scal |       |       |       |    93 |    59 ||   152
Dodge: Dodged            |    73 |    81 |   172 |   294 |   117 ||   737
       Rpst.: Falchion   |     5 |    14 |       |       |       ||    19
